 Dungeon Crawl Stone Soup version 0.31-a0-229-g1fc7ce93e2 (webtiles) character file.

Game seed: 1789353025392107352

58 qw the Shooter (level 4, -4/26 HPs)
             Began as a Gargoyle Hexslinger on July 6, 2023.
             Slain by Sigmund
             ... wielding a +0 scythe
              (10 damage)
             ... on level 3 of the Dungeon.
             The game lasted 00:00:28 (1446 turns).

qw the Shooter (Gargoyle Hexslinger)                Turns: 1446, Time: 00:00:30

Health: -4/26      AC: 10    Str: 12    XL:     4   Next: 1%
Magic:  5/5        EV: 10    Int: 13    God:
Gold:   149        SH:  0    Dex: 14    Spells: 4/5 levels left

rFire   . . .        Y - +4 sling
rCold   . . .        (no shield)
rNeg    + . .        d - +0 ring mail
rPois   inf          (no helmet)
rElec   +            (no cloak)
rCorr   .            a - +0 pair of gloves
SInv    .            k - +0 pair of boots
Will    .....        (no amulet)
Stlth   +            (no ring)
HPRegen 0.24/turn    (no ring)
MPRegen 0.09/turn

%: no passive effects
@: no status effects
A: sickness immunity, AC +3, negative energy resistance 1, electricity
resistance, torment resistance 1, petrification resistance
a: no special abilities


You were on level 3 of the Dungeon.
You visited 1 branch of the dungeon, and saw 3 of its levels.

You collected 149 gold pieces.


Innate Abilities, Weirdness & Mutations

You are immune to sickness and miasma.
Your stone body is resilient. (AC +3)
You are immune to poison.
You resist negative energy. (rN+)
You are resistant to electric shocks. (rElec)
You are resistant to unholy torment.
You are immune to petrification.


   Skills:
 - Level 2.0 Fighting
 - Level 3.7 Ranged Weapons
 + Level 0.4 Armour
 - Level 1.5 Dodging
 - Level 1.0 Spellcasting
 - Level 2.6 Hexes


You had 4 spell levels left.
You knew the following spells:

 Your Spells              Type           Power      Damage    Failure   Level
a - Slow                  Hex            28%        N/A       22%         1

Your spell library contained the following spells:

 Spells                   Type           Power      Damage    Failure   Level
 Inner Flame              Hex/Fire       4%         N/A       73%         3
 Portal Projectile        Hex/Tloc       8%         N/A       73%         3
 Cause Fear               Hex            3%         N/A       91%         4

Inventory:

Hand Weapons
 Y - a +4 sling (weapon)
Armour
 a - a +0 pair of gloves (worn)
 d - a +0 ring mail (worn)
 k - a +0 pair of boots (worn)
Potions
 g - a potion of resistance
 h - a potion of attraction {unknown}
 i - a potion of curing {unknown}

Dungeon Overview and Level Annotations

Branches:
Dungeon (3/15)

Altars:

Annotations:
D:3 Sigmund


Message History

Sigmund the Dreaded comes into view.
He is wielding a +0 scythe and wearing a +2 robe of willpower.
1433 ||| Stepping ~*~*~tactically~*~*~ (outnumbered).
You shoot a sling bullet. The sling bullet hits the bat.
You kill the bat!
You have reached level 4!
You feel stronger.
You shoot a sling bullet. The sling bullet hits Sigmund.
Sigmund is lightly wounded.
Sigmund drinks a potion.
Sigmund seems to grow stronger.
Sigmund gestures at you while chanting.
The puff of flame hits you but does no damage.
You shoot a sling bullet. The sling bullet barely misses Sigmund.
Sigmund hits you but does no damage.
You shoot a sling bullet. The sling bullet hits Sigmund.
Sigmund is moderately wounded.
Sigmund barely misses you.
You shoot a sling bullet.
The sling bullet closely misses Sigmund.
Sigmund flickers, as though insubstantial.
Sigmund hits you from afar with a +0 scythe!
You shoot a sling bullet. The sling bullet hits Sigmund.
Sigmund is moderately wounded.
Sigmund hits you from afar with a +0 scythe!
Ouch! That really hurt!
Sigmund mumbles some strange words.
Sigmund flickers and vanishes!
Deactivating autopickup; reactivate with Ctrl-A.
Autopickup is now on.
You start resting.
There is a strange disturbance nearby!
1445 ||| Stepping randomly (disturbance).
Really walk into a travel-excluded area?
You hear some strange, mumbled words.
A magic dart appears from out of thin air!
Deactivating autopickup; reactivate with Ctrl-A.
The magic dart hits you.
Autopickup is now on.
Something hits you.
Deactivating autopickup; reactivate with Ctrl-A.
Something hits you!
You die...

# .. ..[
..# ## ..
.. ####.#
#. ##.<%.#
#?###..####
#.#..@##
#.#{###
#%#.# #...#
#%### #. #@
#. ..


There were no monsters in sight!

Vanquished Creatures
  2 adders (D:2)
  A dart slug (D:2)
  6 bats
  An endoplasm (D:2)
  A giant cockroach (D:1)
  2 goblins (D:2)
  4 hobgoblins
  3 jackals (D:2)
  2 kobolds (D:2)
  A quokka (D:3)
  6 ball pythons
  A frilled lizard (D:2)
  2 rats
32 creatures vanquished.

Notes
Turn   | Place    | Note
-------+----------+-------------------------------------------
     0 | D:1      | qw the Gargoyle Hexslinger began the quest for the Orb.
     0 | D:1      | Reached XP level 1. HP: 12/12 MP: 2/2
     0 | D:1      | 0 ||| qw: Version: 0.3-a-46-gb1f654a
     0 | D:1      | 0 ||| qw: Game counter: 1452
     0 | D:1      | 0 ||| qw: Melee chars always use a shield: true
     0 | D:1      | 0 ||| qw: God list: Okawaru
     0 | D:1      | 0 ||| qw: Allow faded altars: false
     0 | D:1      | 0 ||| qw: Do Orc after clearing Dungeon:15 true
     0 | D:1      | 0 ||| qw: Do second Lair branch before Depths: true
     0 | D:1      | 0 ||| qw: Lair rune preference: random
     0 | D:1      | 0 ||| qw: Goals: Normal
     0 | D:1      | 0 ||| PLANNING D:1-11
   324 | D:1      | Reached XP level 2. HP: 16/16 MP: 3/3
   510 | D:1      | Found a faded altar of an unknown god.
   631 | D:1      | 631 ||| UPGRADING to +0 ring mail.
   641 | D:1      | 641 ||| DROPPING +0 robe.
   642 | D:1      | 642 ||| READING scroll labelled RIASU NEOSHUS.
   643 | D:1      | 643 ||| READING scroll labelled JYTOVAFAFA.
   644 | D:1      | 644 ||| READING scroll labelled ETECULOCOIH.
   649 | D:1      | 649 ||| DROPPING scroll of poison.
   709 | D:2      | Reached skill level 3 in Ranged Weapons
   747 | D:2      | Reached XP level 3. HP: 20/20 MP: 4/4
   862 | D:2      | 862 ||| READING 2 scrolls of enchant weapon.
   862 | D:2      | 862 ||| ENCHANTING +2 sling.
   863 | D:2      | 863 ||| READING scroll of enchant weapon.
   863 | D:2      | 863 ||| ENCHANTING +3 sling.
  1349 | D:2      | 1349 ||| UPGRADING to +0 pair of gloves.
  1354 | D:2      | 1354 ||| UPGRADING to +0 pair of boots.
  1359 | D:2      | 1359 ||| READING scroll labelled GAECEBROPTO.
  1376 | D:2      | 1376 ||| READING 2 scrolls labelled BUORCH MISOCESM.
  1377 | D:2      | 1377 ||| READING scroll labelled XINUSINIPSA.
  1378 | D:2      | 1378 ||| READING scroll labelled FIMOOLA SIABB.
  1379 | D:2      | 1379 ||| READING scroll labelled TATRO MOGI.
  1380 | D:2      | 1380 ||| READING scroll labelled INWUMI UNAMIOW.
  1381 | D:2      | 1381 ||| DRINKING 2 viscous sapphire potions.
  1382 | D:2      | 1382 ||| DROPPING scroll of fog.
  1419 | D:3      | 1419 ||| PLANNING SEWER
  1432 | D:3      | Noticed Sigmund
  1433 | D:3      | 1433 ||| Stepping ~*~*~tactically~*~*~ (outnumbered).
  1435 | D:3      | Reached XP level 4. HP: 26/26 MP: 5/5
  1439 | D:3      | HP: 6/26 [Sigmund/+0 scythe (13)]
  1445 | D:3      | 1445 ||| Stepping randomly (disturbance).
  1446 | D:3      | HP: 6/26 [something (1)]
  1446 | D:3      | Slain by Sigmund

Levels and vault maps discovered:
D:1:      tarquinn_simple_flora_water_a, layout_basic,
          dreamdust_ecumenical_altar_angels_and_demons
D:2:      layout_loops_ring
D:3:      layout_rooms, nicolae_hepliaklqana_monster_ancestors,
          cheibrodos_sewer_entry_bend, minmay_distorted, uniq_sigmund

Skill      XL: |  1  2  3 |
---------------+----------+-----
Ranged Weapons | 3 |  3.7
Fighting       | 2 |  2.0
Armour         | |  0.4
Dodging        | |  1.5
Spellcasting   | |  1.0
Hexes          | |  2.6

Action                     |  1- 3 |  4- 6 || total
---------------------------+-------+-------++-------
   Fire: Sling             |    79 |     5 ||    84
    Use: Scroll            |    11 |       ||    11
         Potion            |     1 |       ||     1
 Armour: Robe              |     5 |       ||     5
         Ring mail         |    17 |     2 ||    19
  Dodge: Dodged            |    30 |     1 ||    31

Table legend:
 A = Non-vault XP
 B = Vault XP
 C = Vault XP percentage of total XP
 D = Non-vault monster count
 E = Vault monster count
 F = Vault count percentage of total count
                 A         B        C        D         E       F
            +---------+---------+-------+---------+---------+-------
      Total |      83 |       0 |   0.0 |      32 |       0 |   0.0
            +---------+---------+-------+---------+---------+-------
        D:1 |      12 |       0 |   0.0 |       7 |       0 |   0.0
        D:2 |      65 |       0 |   0.0 |      22 |       0 |   0.0
        D:3 |       6 |       0 |   0.0 |       3 |       0 |   0.0
            +---------+---------+-------+---------+---------+-------
